[ AOE2 MATCH · #505746917 ]
UnrankedRomans vs Goths
Player's team · LOSS
Rival team · WIN
[ REPLAY ANALYSIS · EXTRACTED FROM THE RECORDED GAME ]
Feudal
8:25
Castle
21:09
Imperial
40:52
| APM avg | 68.5 |
| APM peak | 121 |
| eAPM avg | 32.2 |
| Villagers / military | 175 / 231 |
Focus
⚔️ 35.4% · 🌾 64.6%
Militia ×110 · Knight ×91 · Battering Ram ×19 · Unknown (1105) ×7 · Monk ×4 · Mangonel ×3
Feudal
10:56
Castle
14:36
Imperial
39:14
| APM avg | 55.6 |
| APM peak | 86 |
| eAPM avg | 31.1 |
| Villagers / military | 214 / 317 |
Focus
⚔️ 39.2% · 🌾 60.8%
Spearman ×129 · Hand Cannoneer ×106 · Bombard Cannon ×25 · Scorpion ×17 · Skirmisher ×15 · Battering Ram ×9
Match map
Initial resources + every placement click. Lines = walls · curves = elevation contours. ◆ gold · ⬟ stone · ● berries · ✦ relic · ◌ wall gap
Your base· ✓ Closed at 21:09 · 47t walls · 4 gate(s)
RoR | Benanji's base· ✓ Closed at 14:36 · 29t walls · 2 gate(s)
Smoothed initial terrain · ◌ = detected wall gap · hover for details
Inputs per minute
— Oni.Kingstone - - RoR | Benanji
Build order — Oni.Kingstone
First 150 of 537 actions detected
| 0:00 | Create | Villager (Male) |
| 0:00 | Create | Villager (Male) |
| 0:00 | Create | Villager (Male) |
| 0:01 | Build | House |
| 0:03 | Build | House |
| 0:08 | Create | Villager (Male) |
| 1:22 | Create | Villager (Male) |
| 1:23 | Create | Villager (Male) |
| 1:51 | Build | Lumber Camp |
| 1:59 | Create | Villager (Male) |
| 2:01 | Create | Villager (Male) |
| 2:20 | Create | Villager (Male) |
| 2:21 | Create | Villager (Male) |
| 3:02 | Create | Villager (Male) |
| 3:03 | Create | Villager (Male) |
| 3:37 | Create | Villager (Male) |
| 3:37 | Create | Villager (Male) |
| 3:50 | Build | House |
| 4:00 | Create | Villager (Male) |
| 4:24 | Create | Villager (Male) |
| 4:35 | Create | Villager (Male) |
| 5:10 | Build | Mining Camp |
| 5:22 | Create | Villager (Male) |
| 5:22 | Research | Loom |
| 5:58 | Build | House |
| 6:11 | Research | Feudal Age |
| 6:11 | Research | Feudal Age |
| 7:20 | Create | Villager (Male) |
| 7:34 | Create | Villager (Male) |
| 7:51 | Build | House |
| 8:09 | Create | Villager (Male) |
| 8:19 | Create | Villager (Male) |
| 8:25 | Age | Feudal Age |
| 8:28 | Build | Watch Tower |
| 8:35 | Research | Double-Bit Axe |
| 8:55 | Create | Villager (Male) |
| 9:19 | Build | Mill |
| 9:31 | Create | Villager (Male) |
| 9:56 | Build | Watch Tower |
| 9:59 | Build | Palisade Gate |
| 10:13 | Create | Villager (Male) |
| 10:15 | Build | House |
| 10:49 | Create | Villager (Male) |
| 10:59 | Build | Stone Wall |
| 11:00 | Build | Stone Wall |
| 11:01 | Build | Stone Wall |
| 11:02 | Build | Stone Wall |
| 11:04 | Build | Stone Wall |
| 11:05 | Build | Stone Wall |
| 11:09 | Build | Watch Tower |
| 11:51 | Create | Villager (Male) |
| 11:57 | Create | Villager (Male) |
| 12:01 | Build | Farm |
| 12:01 | Build | Farm |
| 12:18 | Build | Watch Tower |
| 12:29 | Research | Horse Collar |
| 12:43 | Create | Villager (Male) |
| 12:43 | Create | Villager (Male) |
| 12:57 | Build | Farm |
| 13:07 | Build | Gate |
| 13:24 | Build | House |
| 13:57 | Create | Villager (Male) |
| 14:16 | Create | Villager (Male) |
| 14:24 | Create | Villager (Male) |
| 14:24 | Create | Villager (Male) |
| 14:27 | Build | Farm |
| 14:33 | Create | Villager (Male) |
| 14:35 | Build | Farm |
| 14:35 | Build | Farm |
| 14:46 | Build | Watch Tower |
| 15:00 | Build | Outpost |
| 15:31 | Build | Farm |
| 15:35 | Build | Stone Wall |
| 15:36 | Build | Stone Wall |
| 15:39 | Build | Stone Wall |
| 15:40 | Build | Stone Wall |
| 15:50 | Build | Stone Wall |
| 15:52 | Build | Stone Wall |
| 15:53 | Create | Villager (Male) |
| 16:07 | Build | Mining Camp |
| 16:24 | Create | Villager (Male) |
| 16:39 | Create | Villager (Male) |
| 16:45 | Create | Villager (Male) |
| 16:51 | Create | Villager (Male) |
| 16:56 | Build | Market |
| 17:06 | Build | House |
| 17:29 | Build | Lumber Camp |
| 17:50 | Build | Blacksmith |
| 18:26 | Build | Lumber Camp |
| 18:29 | Research | Castle Age |
| 18:57 | Research | Gold Mining |
| 19:03 | Build | Stone Wall |
| 19:05 | Build | Stone Wall |
| 19:13 | Build | Stone Wall |
| 19:18 | Build | Stone Wall |
| 19:21 | Build | Stone Wall |
| 19:57 | Build | Stone Wall |
| 20:08 | Build | House |
| 20:08 | Build | House |
| 20:09 | Build | House |
| 20:09 | Build | House |
| 20:10 | Create | Villager (Male) |
| 20:34 | Build | House |
| 21:09 | Age | Castle Age |
| 21:11 | Build | Siege Workshop |
| 21:13 | Build | Town Center |
| 21:14 | Create | Villager (Male) |
| 21:30 | Create | Mangonel |
| 22:08 | Create | Villager (Male) |
| 22:21 | Create | Villager (Male) |
| 22:44 | Create | Villager (Male) |
| 22:45 | Create | Villager (Male) |
| 24:20 | Create | Mangonel |
| 24:31 | Build | Farm |
| 24:39 | Build | Farm |
| 24:50 | Build | Farm |
| 25:00 | Build | Farm |
| 25:01 | Build | Farm |
| 25:52 | Create | Villager (Male) |
| 25:52 | Create | Villager (Male) |
| 26:27 | Build | Town Center |
| 26:32 | Build | Palisade Wall |
| 26:33 | Create | Villager (Male) |
| 26:44 | Build | Farm |
| 26:45 | Build | Farm |
| 26:51 | Build | Palisade Gate |
| 27:13 | Create | Villager (Male) |
| 27:13 | Create | Villager (Male) |
| 27:39 | Create | Villager (Male) |
| 27:49 | Build | Farm |
| 27:52 | Build | Farm |
| 27:58 | Create | Mangonel |
| 28:04 | Create | Villager (Male) |
| 28:09 | Create | Villager (Male) |
| 28:11 | Build | Farm |
| 28:18 | Create | Villager (Male) |
| 28:30 | Build | Farm |
| 28:35 | Create | Villager (Male) |
| 28:39 | Build | Barracks |
| 28:40 | Create | Villager (Male) |
| 28:45 | Build | Farm |
| 28:52 | Create | Villager (Male) |
| 28:52 | Create | Villager (Male) |
| 28:59 | Create | Villager (Male) |
| 29:17 | Create | Villager (Male) |
| 29:23 | Create | Villager (Male) |
| 29:23 | Create | Villager (Male) |
| 29:25 | Build | Farm |
| 29:26 | Build | Farm |
| 29:28 | Create | Villager (Male) |
Build order — RoR | Benanji
First 150 of 615 actions detected
| 0:00 | Create | Villager (Male) |
| 0:00 | Create | Villager (Male) |
| 0:01 | Build | House |
| 0:02 | Build | House |
| 0:02 | Create | Villager (Male) |
| 0:03 | Create | Villager (Male) |
| 1:26 | Create | Villager (Male) |
| 1:26 | Create | Villager (Male) |
| 1:43 | Build | Lumber Camp |
| 1:46 | Build | Lumber Camp |
| 2:00 | Create | Villager (Male) |
| 2:00 | Create | Villager (Male) |
| 2:43 | Create | Villager (Male) |
| 2:43 | Create | Villager (Male) |
| 3:16 | Create | Villager (Male) |
| 3:17 | Create | Villager (Male) |
| 3:22 | Build | House |
| 3:23 | Build | House |
| 3:23 | Build | House |
| 3:29 | Create | Villager (Male) |
| 3:29 | Create | Villager (Male) |
| 3:30 | Create | Villager (Male) |
| 4:24 | Create | Villager (Male) |
| 4:41 | Build | Mill |
| 4:44 | Build | Mill |
| 4:55 | Create | Villager (Male) |
| 5:14 | Create | Villager (Male) |
| 5:15 | Create | Villager (Male) |
| 5:54 | Create | Villager (Male) |
| 5:59 | Create | Villager (Male) |
| 5:59 | Create | Villager (Male) |
| 5:59 | Create | Villager (Male) |
| 6:21 | Build | Farm |
| 6:22 | Create | Villager (Male) |
| 6:22 | Create | Villager (Male) |
| 6:26 | Create | Villager (Male) |
| 6:44 | Build | Lumber Camp |
| 7:15 | Build | Farm |
| 7:53 | Build | Farm |
| 7:55 | Research | Feudal Age |
| 8:26 | Build | Mining Camp |
| 8:35 | Research | Loom |
| 8:35 | Research | Feudal Age |
| 8:55 | Build | Palisade Wall |
| 9:04 | Build | Palisade Wall |
| 9:10 | Build | Palisade Wall |
| 9:10 | Build | Palisade Wall |
| 10:14 | Create | Villager (Male) |
| 10:14 | Create | Villager (Male) |
| 10:56 | Age | Feudal Age |
| 11:02 | Build | Market |
| 11:07 | Build | Blacksmith |
| 11:31 | Build | House |
| 11:36 | Build | House |
| 11:56 | Research | Castle Age |
| 11:56 | Research | Castle Age |
| 12:16 | Research | Double-Bit Axe |
| 13:02 | Build | Palisade Wall |
| 13:08 | Build | Palisade Wall |
| 13:19 | Create | Villager (Male) |
| 13:19 | Create | Villager (Male) |
| 13:35 | Build | Palisade Wall |
| 14:06 | Create | Villager (Male) |
| 14:36 | Age | Castle Age |
| 14:37 | Build | Mining Camp |
| 14:40 | Build | Siege Workshop |
| 14:44 | Build | Siege Workshop |
| 14:46 | Build | Siege Workshop |
| 14:51 | Create | Villager (Male) |
| 15:13 | Create | Villager (Male) |
| 15:17 | Create | Scorpion |
| 15:34 | Create | Scorpion |
| 15:37 | Create | Villager (Male) |
| 15:47 | Create | Villager (Male) |
| 15:59 | Create | Battering Ram |
| 16:29 | Create | Villager (Male) |
| 16:29 | Create | Villager (Male) |
| 16:30 | Create | Battering Ram |
| 16:30 | Create | Battering Ram |
| 17:02 | Create | Battering Ram |
| 17:02 | Create | Battering Ram |
| 17:04 | Create | Villager (Male) |
| 17:04 | Create | Villager (Male) |
| 17:17 | Create | Scorpion |
| 17:17 | Create | Scorpion |
| 17:34 | Create | Scorpion |
| 17:35 | Create | Scorpion |
| 17:38 | Build | House |
| 17:56 | Create | Scorpion |
| 18:01 | Build | Farm |
| 18:23 | Create | Villager (Male) |
| 18:23 | Create | Villager (Male) |
| 18:39 | Build | Barracks |
| 18:57 | Build | Farm |
| 19:08 | Create | Scorpion |
| 19:08 | Create | Scorpion |
| 19:17 | Build | Farm |
| 19:20 | Create | Scorpion |
| 19:24 | Build | House |
| 19:25 | Create | Spearman |
| 19:25 | Create | Spearman |
| 19:25 | Create | Spearman |
| 19:52 | Create | Spearman |
| 19:54 | Create | Scorpion |
| 19:54 | Create | Scorpion |
| 19:59 | Create | Scorpion |
| 20:02 | Create | Villager (Male) |
| 20:25 | Create | Spearman |
| 20:34 | Create | Spearman |
| 20:36 | Create | Scorpion |
| 20:38 | Build | House |
| 21:22 | Create | Spearman |
| 21:22 | Create | Scorpion |
| 21:29 | Create | Spearman |
| 21:36 | Create | Villager (Male) |
| 22:12 | Create | Scorpion |
| 22:12 | Create | Scorpion |
| 22:46 | Create | Villager (Male) |
| 22:47 | Create | Villager (Male) |
| 22:48 | Build | Farm |
| 22:49 | Build | Farm |
| 23:09 | Create | Spearman |
| 23:09 | Create | Spearman |
| 23:15 | Create | Battering Ram |
| 23:20 | Build | Farm |
| 23:38 | Create | Villager (Male) |
| 23:38 | Create | Villager (Male) |
| 24:13 | Create | Villager (Male) |
| 24:14 | Create | Villager (Male) |
| 24:25 | Create | Villager (Male) |
| 24:25 | Create | Villager (Male) |
| 24:28 | Build | Mining Camp |
| 24:34 | Build | Market |
| 24:38 | Research | Horse Collar |
| 24:38 | Research | Horse Collar |
| 24:52 | Create | Battering Ram |
| 24:55 | Create | Mangonel |
| 24:56 | Create | Villager (Male) |
| 24:56 | Create | Villager (Male) |
| 25:02 | Build | Lumber Camp |
| 25:29 | Create | Villager (Male) |
| 25:44 | Create | Villager (Male) |
| 25:45 | Create | Villager (Male) |
| 26:15 | Create | Villager (Male) |
| 26:18 | Build | Monastery |
| 26:20 | Create | Spearman |
| 26:20 | Create | Spearman |
| 26:34 | Build | Town Center |
| 26:48 | Create | Villager (Male) |
| 26:57 | Create | Monk |
Match timeline
| 8:25 | Oni.Kingstone · age_up feudal |
| 8:55 | RoR | Benanji · wall_segment Palisade Wall x12 |
| 9:04 | RoR | Benanji · wall_segment Palisade Wall x5 |
| 9:10 | RoR | Benanji · wall_segment Palisade Wall x2 |
| 9:10 | RoR | Benanji · wall_segment Palisade Wall x1 |
| 10:56 | RoR | Benanji · age_up feudal |
| 10:59 | Oni.Kingstone · wall_segment Stone Wall x1 |
| 11:00 | Oni.Kingstone · wall_segment Stone Wall x1 |
| 11:01 | Oni.Kingstone · wall_segment Stone Wall x1 |
| 11:02 | Oni.Kingstone · wall_segment Stone Wall x1 |
| 11:04 | Oni.Kingstone · wall_segment Stone Wall x1 |
| 11:05 | Oni.Kingstone · wall_segment Stone Wall x1 |
| 11:55 | RoR | Benanji · first_market_sell 500 stone |
| 13:02 | RoR | Benanji · wall_segment Palisade Wall x7 |
| 13:08 | RoR | Benanji · wall_segment Palisade Wall x1 |
| 13:35 | RoR | Benanji · wall_segment Palisade Wall x1 |
| 14:36 | RoR | Benanji · age_up castle |
| 14:40 | RoR | Benanji · first_building Siege Workshop |
| 15:35 | Oni.Kingstone · wall_segment Stone Wall x1 |
| 15:36 | Oni.Kingstone · wall_segment Stone Wall x1 |
| 15:39 | Oni.Kingstone · wall_segment Stone Wall x1 |
| 15:40 | Oni.Kingstone · wall_segment Stone Wall x1 |
| 15:50 | Oni.Kingstone · wall_segment Stone Wall x1 |
| 15:52 | Oni.Kingstone · wall_segment Stone Wall x1 |
| 18:19 | Oni.Kingstone · first_market_buy 100 food |
| 18:20 | Oni.Kingstone · first_market_sell 100 stone |
| 18:39 | RoR | Benanji · first_building Barracks |
| 19:03 | Oni.Kingstone · wall_segment Stone Wall x5 |
| 19:05 | Oni.Kingstone · wall_segment Stone Wall x7 |
| 19:13 | Oni.Kingstone · wall_segment Stone Wall x2 |
| 19:18 | Oni.Kingstone · wall_segment Stone Wall x7 |
| 19:21 | Oni.Kingstone · wall_segment Stone Wall x7 |
| 19:57 | Oni.Kingstone · wall_segment Stone Wall x7 |
| 21:09 | Oni.Kingstone · age_up castle |
| 21:11 | Oni.Kingstone · first_building Siege Workshop |
| 26:18 | RoR | Benanji · first_building Monastery |
| 26:32 | RoR | Benanji · first_market_buy 100 stone |
| 26:32 | Oni.Kingstone · wall_segment Palisade Wall x1 |
| 28:39 | Oni.Kingstone · first_building Barracks |
| 31:08 | Oni.Kingstone · first_building Monastery |
| 32:36 | Oni.Kingstone · wall_segment Stone Wall x1 |
| 34:43 | RoR | Benanji · first_building Castle |
| 36:47 | RoR | Benanji · first_building Archery Range |
| 39:14 | RoR | Benanji · age_up imperial |
| 40:52 | Oni.Kingstone · age_up imperial |
| 45:38 | Oni.Kingstone · first_building Stable |
| 50:40 | RoR | Benanji · wall_segment Palisade Wall x1 |
| 54:24 | Oni.Kingstone · resign |
[ AI ANALYSIS · 1 CREDIT ]
What really happened in this match?
Wolo.gg analyzes every decision: build order, eco, micro, common mistakes by bracket. Personalized analysis on WhatsApp or Discord in 30 seconds.
Civ guide
Romans
Perfil
Jugador #2776293